 Dungeon Crawl Stone Soup version 0.23-a0-558-g30802b1 (console) character file.

12 Duffy the Skirmisher (level 2, 0/28 HPs)
             Began as a Naga Fighter on Dec 11, 2018.
             Slain by an adder (3 damage)
             ... on level 2 of the Dungeon.
             The game lasted 00:00:27 (262 turns).

Duffy the Skirmisher (Naga Fighter)                  Turns: 262, Time: 00:00:28

Health: 0/28       AC:  5    Str: 18    XL:     2   Next: 33%
Magic:  2/2        EV:  3    Int:  8    God:
Gold:   18         SH:  8    Dex: 10    Spells: 1/1 levels left

rFire    . . .     SeeInvis +   a - +0 war axe
rCold    . . .     Gourm    .   c - +0 shield
rNeg     . . .     Faith    .   h - +0 chain mail (curse)
rPois    +         Spirit   .   (no helmet)
rElec    .         Reflect  .   (no cloak)
rCorr    .         Harm     .   (no gloves)
MR       .....                  (no barding)
Stlth    ..........             (no amulet)
HPRegen  0.09/turn              (no ring)
MPRegen  0.08/turn              (no ring)

@: lethally poisoned (0 -> -5), very slow
A: large, see invisible, deformed body, poison resistance, slowness 2, slow
metabolism 1, spit poison 1, AC +0
a: Spit Poison


You were on level 2 of the Dungeon.
You were not hungry.

You visited 1 branch of the dungeon, and saw 2 of its levels.

You collected 18 gold pieces.

Inventory:

Hand Weapons
 a - a +0 war axe (weapon)
Armour
 c - a +0 shield (worn)
 h - a cursed +0 chain mail (worn)
Scrolls
 e - 2 scrolls of magic mapping {unknown}
 i - a scroll of immolation {unknown}
Potions
 b - a potion of curing {unknown}
 d - a potion of might
Comestibles
 f - a ration
 g - 2 chunks of flesh


   Skills:
 - Level 3.0 Fighting
 + Level 2.5 Axes
 - Level 2.4 Armour
 + Level 2.7 Shields


You had one spell level left.
You didn't know any spells.
Your spell library was empty.

Dungeon Overview and Level Annotations

Branches:
Dungeon (2/15)

Altars:


Innate Abilities, Weirdness & Mutations

You cannot wear boots.
Your serpentine skin is tough. (AC +0)
You have supernaturally acute eyesight. (SInv)
Armour fits poorly on your strangely shaped body.
Your system is resistant to poisons. (rPois)
You cover ground very slowly.
You have a slow metabolism.
You can spit poison.


Message History

You are too injured to fight recklessly!
You are too injured to fight recklessly!
You are too injured to fight recklessly!
You are too injured to fight recklessly!
You hit the adder.
The adder is moderately wounded.
Your shield and chain mail prevent you from hitting the adder.
You block the adder's attack. The adder bites you.
You are more poisoned.
The adder poisons you! You block the adder's attack.
The adder bites you but does no damage.
You miss the adder.
The adder is moderately wounded.
You hit the adder.
You feel sick. The adder bites you but does no damage.
The adder bites you. x2; The adder bites you but does no damage.
You hit the adder.
The adder is heavily wounded.
Your chain mail prevents you from hitting the adder.
The adder bites you. The adder barely misses you. The adder bites you.
You die...

#...............
#...........####
##..........#
##.........#
####.....##
##.....#########
#.......#.......
#.......#..S##
#.........@S.#
##.....#####......
##...## .....
##### .... ... ..
#


You could see 2 adders.

Vanquished Creatures
  A dart slug (D:1)
  2 giant cockroaches (D:1)
  A goblin (D:1)
  2 hobgoblins (D:1)
  2 bats
  2 frilled lizards (D:2)
10 creatures vanquished.

Notes
Turn   | Place    | Note
-------+----------+-------------------------------------------
     0 | D:1      | Duffy the Naga Fighter began the quest for the Orb.
     0 | D:1      | Reached XP level 1. HP: 21/21 MP: 1/1
    80 | D:1      | Reached XP level 2. HP: 21/28 MP: 2/2
   262 | D:2      | Slain by an adder

Vault maps used:
D:1:      evilmike_arrival_hilbert_curve, minmay_vboxes

Action                   || total
-------------------------++-------
Melee: War axe           ||    40
Armor: Scale mail        ||     5
       Chain mail        ||    19
Dodge: Dodged            ||    10
Block: Shield            ||    33

Table legend:
 A = Non-vault XP
 B = Vault XP
 C = Vault XP percentage of total XP
 D = Non-vault monster count
 E = Vault monster count
 F = Vault count percentage of total count
                 A         B        C        D         E       F
            +---------+---------+-------+---------+---------+-------
      Total |      18 |       0 |   0.0 |      10 |       0 |   0.0
            +---------+---------+-------+---------+---------+-------
        D:1 |      15 |       0 |   0.0 |       7 |       0 |   0.0
        D:2 |       3 |       0 |   0.0 |       3 |       0 |   0.0
            +---------+---------+-------+---------+---------+-------
